 Dungeon Crawl Stone Soup version 0.24.1 (webtiles) character file.

Game seed: 17661995555442817438, levelgen mode: deterministic

70 Ebilmort the Magician (level 4, 0/27 HPs)
             Began as an Octopode Wizard on Mar 24, 2020.
             Was an Initiate of Vehumet.
             Slain by a centaur skeleton (6 damage)
             ... on level 3 of the Dungeon.
             The game lasted 00:14:15 (2293 turns).

Ebilmort the Magician (Octopode Wizard)             Turns: 2293, Time: 00:14:15

Health: 0/27       AC:  1    Str:  6    XL:     4   Next: 21%
Magic:  7/9        EV: 13    Int: 21    God:    Vehumet [......]
Gold:   168        SH:  0    Dex: 10    Spells: 2/10 levels left

rFire    . . .     SeeInvis .   (no weapon)
rCold    . . .     Gourm    .   (no shield)
rNeg     . . .     Faith    .   a - +0 hat
rPois    .         Spirit   .   (no amulet)
rElec    .         Reflect  .   (no ring)
rCorr    .         Harm     .   (no ring)
MR       .....                  (no ring)
Stlth    +++.......             (no ring)
HPRegen  0.09/turn              (no ring)
MPRegen  0.11/turn              (no ring)
                                (no ring)
                                (no ring)

@: no status effects
A: almost no armour, stealthy swim, amphibious, 8 rings, constrict 8, camouflage
1, gelatinous body 1
a: Renounce Religion


You were on level 3 of the Dungeon.
You worshipped Vehumet.
Vehumet was noncommittal.
You were not hungry.

You visited 1 branch of the dungeon, and saw 3 of its levels.

You collected 168 gold pieces.

Inventory:

Armour
 a - a +0 hat (worn)
Scrolls
 b - a scroll of fear {unknown}
 d - 2 scrolls of noise {unknown}
 e - 2 scrolls of identify {unknown}
 i - a scroll of amnesia {unknown}
Potions
 f - a potion of lignification {unknown}
 g - a potion of heal wounds {unknown}
 h - a potion of might {unknown}
Comestibles
 c - 3 rations
 j - a chunk of flesh


   Skills:
 - Level 2.0 Dodging
 - Level 2.6 Stealth
 + Level 3.9 Spellcasting
 + Level 2.8 Conjurations
 - Level 1.0 Summonings
 - Level 1.0 Translocations


You had 2 spell levels left.
You knew the following spells:

 Your Spells              Type           Power        Failure   Level  Hunger
a - Magic Dart            Conj           ###.         3%          1    None
b - Blink                 Tloc           N/A          12%         2    #......
c - Call Imp              Summ           #.......     12%         2    #......
d - Conjure Flame         Conj/Fire      ##......     21%         3    ###....

Your spell library contained the following spells:

 Spells                   Type           Power        Failure   Level  Hunger
 Slow                     Hex            #.......     19%         2    #......
 Mephitic Cloud           Conj/Pois/Air  #.......     24%         3    ###....


Dungeon Overview and Level Annotations

Branches:
Dungeon (3/15)

Altars:
Vehumet

Annotations:
D:2 1 runed translucent door, Crazy Yiuf, Sigmund


Innate Abilities, Weirdness & Mutations

You cannot wear most types of armour.
You are very stealthy in the water. (Stealth+)
You are amphibious.
You can wear up to eight rings at the same time.
You can use your tentacles to constrict eight enemies at once.
Your skin changes colour to match your surroundings (Stealth+).
Your rubbery body absorbs attacks. (AC +1, EV +1)


Message History

The giant cockroach bites you but does no damage.
You tentacle-slap the giant cockroach. You squeeze the giant cockroach.
The giant cockroach is almost dead.
You constrict the giant cockroach, but do no damage.
The centaur skeleton barely misses you. The giant cockroach barely misses you.
You tentacle-slap the giant cockroach but do no damage.
The giant cockroach is almost dead.
You constrict the giant cockroach.
You kill the giant cockroach!
Vehumet accepts your kill. The centaur skeleton hits you. x2
You see here a giant cockroach corpse.
The centaur skeleton misses you.
You see here a frilled lizard corpse.
The centaur skeleton hits you.
* * * LOW HITPOINT WARNING * * *
The centaur skeleton closely misses you.
The centaur skeleton barely misses you. The centaur skeleton hits you.
You die...

...........#####...#####
†....... ...>..........#
<.(....) #######<....).#
.#.#.... #.......#
...#.... #.#######
........ #.# ..#.....#
#.# ..#...... #.#
..#......#### #@# ..#
#.......####Z#
......#....w...# ##.##
###.###### #..#####
###.....##
########........#
.........#########
#..........†..†..###


You could see a centaur skeleton.

Vanquished Creatures
  2 adders (D:3)
  An ooze (D:1)
  A worm (D:2)
  A dart slug (D:1)
  A leopard gecko (D:1)
  2 ball pythons
  5 giant cockroaches
  5 goblins
  7 hobgoblins
  A kobold (D:3)
  5 bats
  4 frilled lizards
  4 rats
39 creatures vanquished.

Notes
Turn   | Place    | Note
-------+----------+-------------------------------------------
     0 | D:1      | Ebilmort the Octopode Wizard began the quest for the Orb.
     0 | D:1      | Reached XP level 1. HP: 11/11 MP: 4/4
   206 | D:1      | Reached XP level 2. HP: 14/17 MP: 1/6
   635 | D:1      | Reached XP level 3. HP: 21/21 MP: 1/8
  1783 | D:2      | Found a radiant altar of Vehumet.
  1787 | D:2      | Became a worshipper of Vehumet
  1954 | D:2      | Found a runed translucent door.
  1955 | D:2      | Noticed Crazy Yiuf
  1998 | D:2      | Noticed Sigmund
  2008 | D:2      | Learned a level 2 spell: Blink
  2011 | D:2      | Learned a level 2 spell: Call Imp
  2015 | D:2      | Learned a level 3 spell: Conjure Flame
  2155 | D:3      | Reached XP level 4. HP: 27/27 MP: 6/9
  2293 | D:3      | Slain by a centaur skeleton

Levels and vault maps discovered:
D:1:      lightli_molten_gateway, layout_basic, serial_park_tiny_2
D:2:      layout_rooms, vehumet_crystals, hex_medium, uniq_sigmund,
          uniq_crazy_yiuf_cottage
D:3:      layout_rooms, chequers_ecumenical_altar_island

Skill      XL: |  1  2 |
---------------+-------+-----
Conjurations   | 2 |  2.8
Dodging        | |  2.0
Stealth        | |  2.6
Spellcasting   | |  3.9
Summonings     | |  1.0
Translocations | |  1.0

Action                   |  1- 3 |  4- 6 || total
-------------------------+-------+-------++-------
Melee: Unarmed           |     6 |     4 ||    10
       Constrict         |     2 |     1 ||     3
       Tentacles         |       |     1 ||     1
 Cast: Magic Dart        |   113 |    12 ||   125
  Eat: Chunk             |     4 |       ||     4
Armor: Skin              |     2 |     1 ||     3
Dodge: Dodged            |     8 |    11 ||    19
